 Dungeon Crawl Stone Soup version 0.21-a0-221-gfe971b9 (webtiles) character file.

5 Ladykiller69 the Charmwright (level 1, 0/16 HPs)
             Began as a Formicid Skald on Aug 24, 2017.
             Slain by a hobgoblin (5 damage)
             ... on level 1 of the Dungeon.
             The game lasted 00:01:06 (294 turns).

Ladykiller69 the Charmwright (Formicid Skald)        Turns: 294, Time: 00:01:06

Health: 0/16       AC:  3    Str: 15    XL:     1   Next: 88%
Magic:  0/3        EV: 12    Int: 12    God:
Gold:   28         SH:  0    Dex: 10    Spells: 3/4 levels left

rFire    . . .     SeeInvis +   a - +0 hand axe
rCold    . . .     Gourm    .   (no shield)
rNeg     . . .     Faith    .   b - +0 leather armour
rPois    .         Spirit   .   (helmet unavailable)
rElec    .         Reflect  .   (no cloak)
rCorr    .         Harm     .   (no gloves)
MR       .....                  (no boots)
Stlth    +.........             (no amulet)
HPRegen  0.05/turn              (no ring)
MPRegen  0.08/turn              (no ring)

@: infused
A: permanent stasis, dig shafts and tunnels, four strong arms, antennae 3
a: Dig, Shaft Self


You were on level 1 of the Dungeon.
You were not hungry.

You visited 1 branch of the dungeon, and saw 1 of its levels.

You collected 28 gold pieces.

Inventory:

Hand Weapons
 a - a +0 hand axe (weapon)
Armour
 b - a +0 leather armour (worn)
Scrolls
 h - a scroll of amnesia {unknown}
 i - a scroll of recharging {unknown}
Potions
 e - a potion of brilliance {unknown}
Books
 c - a book of Battle

   Spells                             Type                      Level
   a - Infusion                       Charms                       1
   b - Shroud of Golubria             Charms/Translocation         2
   c - Song of Slaying                Charms                       2
   d - Spectral Weapon                Hexes/Charms                 3
   e - Regeneration                   Charms/Necromancy            3
Comestibles
 d - a bread ration
 f - 4 fruits
 g - a chunk of flesh


   Skills:
 + Level 2.2 Fighting
 * Level 2.1 Axes
 - Level 1.1 Armour
 + Level 2.0 Dodging
 + Level 2.3 Spellcasting
 + Level 3.0 Charms


You had 3 spell levels left.
You knew the following spells:

 Your Spells              Type           Power        Failure   Level  Hunger
a - Infusion              Chrm           #...         10%         1    ##.....


Dungeon Overview and Level Annotations

Branches:
Dungeon (1/15)

Altars:


Innate Abilities, Weirdness & Mutations

You cannot be hasted, slowed, berserked, paralysed or teleported.
You can dig through walls and to a lower floor.
Your four strong arms can wield two-handed weapons with a shield.
You have a pair of large antennae on your head. (SInv)


Message History

Casting: Infusion
Confirm with . or Enter, or press ? or * to list all spells.
You begin infusing your attacks with magical energy.
A goblin comes into view.
The goblin shouts!
You closely miss the hobgoblin. The hobgoblin closely misses you.
You closely miss the hobgoblin. The hobgoblin barely misses you.
Your leather armour prevents you from hitting the hobgoblin.
The hobgoblin hits you. x2
You barely miss the hobgoblin. The hobgoblin misses you.
You barely miss the hobgoblin. You barely miss the goblin.
The hobgoblin hits you. The goblin barely misses you.
You barely miss the hobgoblin. You hit the goblin.
You kill the goblin!
Your Dodging skill increases to level 2!
The hobgoblin barely misses you.
You hit the hobgoblin.
The hobgoblin is severely wounded.
The hobgoblin hits you.
You die...

.# #..##.....#.#
.###..##.......#..#
.##...........##..#
.#....##..........#
....####.......#..#
.##........#...#.$##
..########...[.....# ..
....# ###.....#g..#....
.##.####...##.##@.......
.##...#...........##....
.##.............[.......
....#.#..........#.....
##..#...................
....>............#.#....
#.##.##..........#.#####
.#.#.##..........# #
........###.##.....


You could see a hobgoblin.

Vanquished Creatures
  A goblin (D:1)
  A hobgoblin (D:1)
  2 bats (D:1)
  A frilled lizard (D:1)
  A rat (D:1)
6 creatures vanquished.

Notes
Turn   | Place    | Note
-------+----------+-------------------------------------------
     0 | D:1      | Ladykiller69 the Formicid Skald began the quest for the Orb.
     0 | D:1      | Reached XP level 1. HP: 16/16 MP: 3/3
   294 | D:1      | Slain by a hobgoblin

Vault maps used:
D:1:      dpeg_arrival_long_road, serial_park_tiny_1

Skill      XL: |  1 |
---------------+----+-----
Dodging        | 2 |  2.0
Fighting       | |  2.2
Axes           | |  2.1
Armour         | |  1.1
Spellcasting   | |  2.3
Charms         | |  3.0

Action                   || total
-------------------------++-------
Melee: Hand axe          ||    21
 Cast: Infusion          ||     3
 Abil: Dig               ||     2
Armor: Leather armour    ||     5
Dodge: Dodged            ||    15

Table legend:
 A = Spawn XP
 B = Non-spawn XP
 C = Spawn XP percentage of total XP
 D = Spawn monster count
 E = Non-spawn monster count
 F = Spawn count percentage of total count
 G = Total turns spent on level
                    A         B        C        D         E        F      G
               +---------+---------+-------+---------+---------+-------+---------
         Total |       0 |       8 |   0.0 |       0 |       6 |   0.0 |   294
               +---------+---------+-------+---------+---------+-------+---------
           D:1 |       0 |       8 |   0.0 |       0 |       6 |   0.0 |   294
               +---------+---------+-------+---------+---------+-------+---------
